 Dungeon Crawl Stone Soup version 0.29.1-15-g9cfb28693d (webtiles) character file.

Game seed: 17844790993221107213

2661 kingofthe the Ducker (level 9, -1/57 HPs)
             Began as a Merfolk Summoner on Mar 19, 2023.
             Was a Follower of Sif Muna.
             Slain by an orc warrior
             ... wielding a +1 hand axe of electrocution
              (16 damage)
             ... on level 6 of the Dungeon.
             The game lasted 00:33:13 (7773 turns).

kingofthe the Ducker (Merfolk Summoner)             Turns: 7773, Time: 00:33:13

Health: -1/57      AC: 15    Str: 12    XL:     9   Next: 63%
Magic:  5/16       EV: 15    Int: 20    God:    Sif Muna [*.....]
Gold:   322        SH:  0    Dex: 18    Spells: 6/18 levels left

rFire   . . .      SeeInvis .   a - +3 trident (protect)
rCold   + . .      Faith    .   (no shield)
rNeg    + + +      Spirit   .   e - +0 acid dragon scales
rPois   .          Reflect  .   q - +0 helmet
rElec   .          Harm     .   (no cloak)
rCorr   +          Rampage  .   h - +0 pair of gloves
Will    .....      NoTele   +   (no boots)
Stlth   +++.......              L - amulet of Qolonabb {RegenMP -Tele rN+++ Regen+ Str+3}
HPRegen 0.99/turn               I - +6 ring of intelligence
MPRegen 0.55/turn               C - ring of protection from cold

@: under a protective aura, very slightly contaminated
A: (nimble swimmer 2), mertail
a: Renounce Religion, Channel Magic


You were on level 6 of the Dungeon.
You worshipped Sif Muna.
Sif Muna was aware of your devotion.
You visited 2 branches of the dungeon, and saw 8 of its levels.

You collected 322 gold pieces.


Innate Abilities, Weirdness & Mutations

((You are very nimble when in or above water. (Stealth+, EV+, Speed+++)))
Your lower body shifts to a powerful aquatic tail in water.


   Skills:
 + Level 5.3 Polearms
 + Level 7.4 Dodging
 + Level 6.8 Stealth
 + Level 5.1 Spellcasting
 + Level 6.7 Summonings
 - Level 3.0 Transmutations
 + Level 2.5 Air Magic
 + Level 3.7 Poison Magic


You had 6 spell levels left.
You knew the following spells:

 Your Spells              Type           Power      Damage    Failure   Level
a - Summon Small Mammal   Summ           100%       N/A       1%          1
b - Call Imp              Summ           32%        N/A       1%          2
c - Call Canine Familiar  Summ           32%        N/A       3%          3
d - Mephitic Cloud        Conj/Pois/Air  13%        N/A       22%         3
s - Sting                 Tmut/Pois      72%        1d6       4%          1
w - Wereblood             Tmut           17%        N/A       8%          2

Your spell library contained the following spells:

 Spells                   Type           Power      Damage    Failure   Level
 Beastly Appendage        Tmut           34%        N/A       4%          1
 Poisonous Vapours        Pois/Air       34%        N/A       7%          2
 Shock                    Conj/Air       40%        1d5       11%         1
 Spider Form              Tmut/Pois      18%        N/A       13%         3
 Summon Guardian Golem    Hex/Summ       18%        N/A       13%         3
 Passwall                 Tmut/Erth      9%         N/A       14%         2
 Static Discharge         Conj/Air       10%        3-5/arc   16%         2
 Magic Dart               Conj           20%        1d4       17%         1
 Swiftness                Air            15%        N/A       19%         3
 Ensorcelled Hibernation  Hex/Ice        10%        N/A       26%         2
 Summon Lightning Spire   Summ/Air       23%        N/A       26%         4
 Olgreb's Toxic Radiance  Pois           20%        N/A       36%         4
 Airstrike                Air            7%         2d(2-18)  52%         4
 Corpse Rot               Necr/Pois/Air  13%        N/A       58%         4
 Lightning Bolt           Conj/Air       5%         1d17      96%         5
 Borgnjor's Vile Clutch   Necr/Erth      2%         N/A       99%         5
 Ozocubu's Refrigeration  Ice            2%         4d8       100%        7
 Ignition                 Fire           2%         3d3       100%        8
 Maxwell's Capacitive Co  Air            7%         ∞         100%        8

Inventory:

Hand Weapons
 a - a +3 trident of protection (weapon)
 c - a +3 spear
 x - a +0 whip of electrocution
 K - a +2 whip of flaming
 M - a +1 spear of freezing
Armour
 e - +0 acid dragon scales (worn)
 h - a +0 pair of gloves (worn)
 k - a +0 robe
 l - a +2 leather armour of cold resistance
 q - a +0 helmet (worn)
 J - a +2 scale mail of fire resistance
 N - a +0 buckler
Magical Staves
 b - a staff of poison {!a}
Jewellery
 C - a ring of protection from cold (right hand)
 D - an amulet of guardian spirit
 G - a ring of ice
 I - a +6 ring of intelligence (left hand)
 L - the amulet of Qolonabb (around neck) {RegenMP -Tele rN+++ Regen+ Str+3}
   (You acquired it on level 6 of the Dungeon)

   [amulet of magic regeneration]

   It increases your rate of magic regeneration.
   Str:       It affects your strength (+3).
   rN:        It renders you almost immune to negative energy.
   -Tele:     It prevents most forms of teleportation.
   Regen:     It increases your rate of health regeneration.
 R - a ring of resist corrosion
Wands
 n - a wand of acid (6)
 y - a wand of mindburst (22)
Scrolls
 g - 3 scrolls of identify {@r1}
 i - a scroll of poison {unknown}
 j - 3 scrolls of immolation
 m - 2 scrolls of vulnerability {unknown}
 o - a scroll of fear {unknown}
 r - 3 scrolls of teleportation {@r2}
 t - 2 scrolls of fog {unknown}
 v - 3 scrolls of amnesia
 w - a scroll of torment {unknown}
 B - a scroll of blinking {unknown}
 E - a scroll of summoning {unknown}
 H - a scroll of noise {unknown}
Potions
 f - a potion of berserk rage {unknown}
 p - a potion of haste {unknown}
 s - 2 potions of brilliance
 u - a potion of magic
 z - 2 potions of lignification
 A - 2 potions of attraction
 F - 2 potions of flight

Dungeon Overview and Level Annotations

Branches:
Dungeon (7/15)             Temple (1/1) D:5

Altars:
Cheibriados
Dithmenos
Elyvilon
Fedhas
Gozag
Kikubaaqudgha
Makhleb
Nemelex Xobeh
Qazlal
Ru
Sif Muna
Trog
Uskayaw
Xom
Yredelemnul
Zin

Shops:
D:4 =

Annotations:
D:6 Blork the orc, Maggie

▒.▒..............[▒...▒▒.......▒
▒.▒.▒▒▒▒▒▒▒.▒...▒▒.............▒
▒.▒.▒ ▒.....▒▒.▒▒........▒▒▒
▒.▒.▒ ▒▒▒▒▒....▒▒.▒▒........▒
▒▒.▒.▒▒▒▒.....▒§§▒▒.▒▒.▒......▒
▒..▒......▒▒▒....§.....▒▒.....▒
▒.▒▒▒▒▒▒..▒▒▒..........▒▒.....▒▒▒
▒.▒▒▒▒▒........o...............▒▒
........▒▒▒▒...§@.....▒▒▒.......▒
........▒ ▒▒................(..▒
........▒▒▒▒▒........)..........▒
................(...▒..(..[......
..............▒.▒▒▒▒▒▒....[.....▒
..........▒▒▒▒▒.▒▒▒ ▒.▒...>.[...
.......▒▒▒▒ ▒...▒▒▒▒.▒.........
.......▒ ▒▒▒..▒▒.....▒▒..▒.▒
▓......▒ ▒▒.▒..▒▒▒▒▒▒▒...▒


You could see an orc warrior.


Message History

You puncture the orc warrior!
Your weapon exudes an aura of protection.
The orc warrior is severely wounded.
Your hound misses the orc warrior. The orc warrior barely misses you.
The orc warrior barely misses your hound.
Your hound bites the orc warrior.
You hit the orc warrior.
The orc warrior is almost dead.
Your hound bites the orc warrior but does no damage.
The orc warrior hits your hound with a +1 hand axe of electrocution!
Your hound dies!
Your hound's corpse disappears in a puff of smoke!
The orc warrior hits you but does no damage.
You are electrocuted!
* * * LOW HITPOINT WARNING * * *
Casting: Mephitic Cloud (dangerous; 22% risk of failure)
Confirm with . or Enter, or press ? or * to list all spells.
The orc warrior hits you but does no damage.
You barely miss the orc warrior.
The orc warrior is almost dead.
The orc warrior closely misses you.
The orc warrior hits your hound with a +1 hand axe of electrocution!
Lightning courses through your hound!
Your hound dies!
Your hound's corpse disappears in a puff of smoke!
You hit the orc warrior but do no damage.
The orc warrior is almost dead.
The orc warrior hits you but does no damage.
You are electrocuted!
You die...

Skill      XL: |  1  2  3  4  5  6  7  8  9 |
---------------+----------------------------+-----
Dodging        | 3 4 5 6 7 |  7.4
Stealth        | 3 4 5 6 |  6.8
Spellcasting   | 3 4 5 |  5.1
Transmutations | 1 2 3 |  3.0
Summonings     | 5 6 |  6.7
Polearms       | 3 4 5 |  5.3
Poison Magic   | 1 2 3 |  3.7
Air Magic      | 1 2 |  2.5

Action                   |  1- 3 |  4- 6 |  7- 9 || total
-------------------------+-------+-------+-------++-------
Melee: Unarmed           |    25 |       |       ||    25
       Short sword       |    48 |    23 |       ||    71
       Whip              |       |    57 |       ||    57
       Punch             |       |     1 |     4 ||     5
       Spear             |       |    66 |    44 ||   110
       Tailslap          |       |     1 |       ||     1
       Trident           |       |       |   188 ||   188
 Cast: Summon Small Mamm |    17 |     4 |    10 ||    31
       Call Imp          |     8 |    10 |    25 ||    43
       Sting             |     4 |     7 |     6 ||    17
       Call Canine Famil |       |     9 |    36 ||    45
       Mephitic Cloud    |       |       |    12 ||    12
       Wereblood         |       |       |     2 ||     2
  Use: Scroll            |       |       |    10 ||    10
       Potion            |       |       |     4 ||     4
 Stab: Distracted        |     1 |     3 |     9 ||    13
       Sleeping          |     1 |     8 |     7 ||    16
       Confused          |       |       |     5 ||     5
Armor: Robe              |    10 |       |       ||    10
       Leather armour    |    10 |    54 |    36 ||   100
       Acid dragon scale |       |       |    54 ||    54
Dodge: Dodged            |    49 |   103 |   247 ||   399

Levels and vault maps discovered:
D:1:      tarquinn_simple_flora_water_d, layout_basic, serial_rivers,
          chequers_serial_rivers_micro_d, chequers_serial_rivers_large_a,
          chequers_serial_rivers_micro_c, chequers_serial_rivers_micro_c,
          chequers_serial_rivers_large_b, hex_intersection
D:2:      layout_basic, hellmonk_ecumenical_altar_defaced_shrine
D:3:      minmay_evil_eye, layout_basic, tgw_trog, lemuel_crystal_altar
D:4:      layout_cave_pools, kennysheep_little_box,
          mainiacjoe_overflow_surrounded_room, serial_bayou_pond_a,
          minmay_shop_grid_forest
D:5:      minmay_angry_zag, layout_gridville, minmay_temple_entry_mist
D:6:      layout_rooms, mainiacjoe_overflow_big_doors, nicolae_eternal_life,
          uniq_menkaure, uniq_maggie, uniq_prince_ribbit1, uniq_edmund,
          uniq_blork_the_orc, uniq_sigmund
D:7:      layout_cave_pools, tso_oasis_becter
Temple:   compressed_dpeg_circular_temple

Notes
Turn   | Place    | Note
-------+----------+-------------------------------------------
     0 | D:1      | kingofthe the Merfolk Summoner began the quest for the Orb.
     0 | D:1      | Reached XP level 1. HP: 13/13 MP: 3/3
   494 | D:1      | Reached XP level 2. HP: 16/19 MP: 1/5
   497 | D:1      | Reached skill level 3 in Dodging
   503 | D:1      | Learned a level 2 spell: Call Imp
   634 | D:1      | Learned a level 1 spell: Sting
  1082 | D:2      | Found a faded altar of an unknown god.
  1265 | D:2      | Reached XP level 3. HP: 24/24 MP: 3/6
  1341 | D:2      | Reached skill level 3 in Stealth
  1916 | D:3      | Reached XP level 4. HP: 23/30 MP: 4/7
  2353 | D:3      | Found a snail-covered altar of Cheibriados.
  2572 | D:3      | Reached skill level 4 in Dodging
  2605 | D:3      | Reached XP level 5. HP: 11/35 MP: 5/9
  2888 | D:3      | Learned a level 3 spell: Call Canine Familiar
  3161 | D:3      | Noticed a moth of wrath
  3164 | D:3      | Found a bloodstained altar of Trog.
  3525 | D:4      | Noticed a sky beast
  3534 | D:4      | Reached skill level 3 in Spellcasting
  3534 | D:4      | Reached skill level 1 in Transmutations
  3541 | D:4      | Killed a sky beast
  3542 | D:4      | Reached skill level 4 in Stealth
  3542 | D:4      | Reached skill level 5 in Summonings
  3542 | D:4      | Reached XP level 6. HP: 37/41 MP: 5/10
  3664 | D:4      | Reached skill level 2 in Transmutations
  3799 | D:4      | Found an opulent altar of Gozag.
  3865 | D:4      | Found a sparkling altar of Nemelex Xobeh.
  3915 | D:4      | Reached skill level 5 in Dodging
  4046 | D:4      | Found Jyeketich's Jewellery Shoppe.
  4337 | D:5      | Entered Level 5 of the Dungeon
  4378 | D:5      | Reached XP level 7. HP: 39/46 MP: 6/12
  4501 | D:5      | Found a staircase to the Ecumenical Temple.
  4505 | D:5      | Reached skill level 1 in Polearms
  4584 | Temple   | Entered the Ecumenical Temple
  4685 | Temple   | Became a worshipper of Sif Muna the Loreminder
  4892 | D:5      | Reached skill level 3 in Transmutations
  5106 | D:5      | Reached skill level 2 in Polearms
  5215 | D:5      | Reached skill level 5 in Stealth
  5545 | D:6      | Noticed Prince Ribbit
  5561 | D:6      | Killed Prince Ribbit
  5562 | D:6      | Reached skill level 3 in Polearms
  5562 | D:6      | Reached skill level 6 in Dodging
  5562 | D:6      | Reached skill level 4 in Spellcasting
  5562 | D:6      | Reached skill level 1 in Poison Magic
  5562 | D:6      | Reached XP level 8. HP: 35/52 MP: 1/14
  5568 | D:6      | Learned a level 3 spell: Mephitic Cloud
  5790 | D:6      | Noticed Maggie
  5790 | D:6      | Noticed Blork the orc
  5813 | D:6      | Noticed Sigmund
  5832 | D:6      | Killed Sigmund
  5833 | D:6      | Reached skill level 6 in Summonings
  5833 | D:6      | Reached skill level 2 in Poison Magic
  6017 | D:6      | Reached skill level 1 in Air Magic
  6120 | D:6      | Reached skill level 4 in Polearms
  6158 | D:6      | Noticed Menkaure
  6166 | D:6      | Killed Menkaure
  6175 | D:6      | Noticed Edmund
  6201 | D:6      | Killed Edmund
  6202 | D:6      | Reached skill level 6 in Stealth
  6202 | D:6      | Reached XP level 9. HP: 30/57 MP: 5/16
  6489 | D:6      | Found a sacrificial altar of Ru.
  6496 | D:6      | Found a white marble altar of Elyvilon.
  6637 | D:7      | HP: 1/57 [gnoll sergeant/+1 spear of freezing (7)]
  6642 | D:6      | HP: 4/57 [gnoll/+2 whip of flaming[a gnoll sergeant] (2)]
  7022 | D:7      | Identified 3 scrolls of acquirement
  7023 | D:7      | Acquired a book of Changes
  7030 | D:6      | Acquired the amulet of Qolonabb {RegenMP -Tele rN+++ Regen+
                  | Str+3}
  7042 | D:6      | Acquired the Writings on Shadows and the Zephyr
  7070 | D:7      | Reached skill level 3 in Poison Magic
  7205 | D:6      | Reached * piety under Sif Muna
  7206 | D:6      | Reached skill level 7 in Dodging
  7265 | D:7      | Reached skill level 2 in Air Magic
  7389 | D:6      | Learned a level 2 spell: Wereblood
  7514 | D:7      | Reached skill level 5 in Polearms
  7555 | D:7      | Reached skill level 5 in Spellcasting
  7773 | D:6      | Slain by an orc warrior

Vanquished Creatures
  Prince Ribbit (D:6)
  Sigmund (D:6)
  Menkaure (D:6)
  A sky beast (D:4)
  An ogre (D:4)
  A phantom (D:7)
  2 bullfrogs (D:6)
  A necrophage (D:5)
  7 killer bees
  A hound (D:7)
  A jelly (D:6)
  2 orc priests
  An iguana (D:5)
  2 orc wizards
  A gnoll (D:6)
  4 adders
  2 worms
  9 orcs
  7 ball pythons
  6 endoplasms
  5 goblins
  6 hobgoblins
  A jackal (D:5)
  6 kobolds (D:3)
  3 quokkas
  3 bats
  A frilled lizard (D:3)
  2 rats (D:3)
79 creatures vanquished.

Vanquished Creatures (collateral kills)
  Edmund (D:6)
  An acid dragon (D:7)
  A black bear (D:6)
  2 scorpions
  2 gnoll sergeants
  4 killer bees
  A jelly (D:5)
  5 hounds
  An orc priest (D:4)
  A gnoll bouda (D:5)
  2 orc wizards (D:6)
  4 gnolls (D:7)
  4 adders
  A white imp (D:6)
  An ufetubus (D:4)
  A worm (D:2)
  10 orcs
  2 endoplasms
  4 giant cockroaches
  2 goblins (D:1)
  3 hobgoblins
  A quokka (D:1)
  A ball python (D:3)
  2 kobolds (D:1)
  3 rats
60 creatures vanquished.

Vanquished Creatures (others)
  4 plants (D:7)
4 creatures vanquished.

Grand Total: 143 creatures vanquished

Table legend: (Time is in decaauts)
 A = Elapsed time spent in this place.
 B = Non-inter-level travel time spent in this place.
 C = Inter-level travel time spent in this place.
 D = Time resting spent in this place.
 E = Time spent auto-exploring this place.
 F = Levels seen in this place.
 G = Mean time per level.
                   A        B        C        D        E       F      G
               +--------+--------+--------+--------+--------+-----+--------+
         Total |   7758 |   7349 |    409 |    752 |   5000 |   8 |  969.8 |
       Dungeon |   7635 |   7273 |    362 |    752 |   4935 |   7 | 1090.7 |
        Temple |    122 |     75 |     47 |      0 |     65 |   1 |  122.0 |
               +--------+--------+--------+--------+--------+-----+--------+

Top non-repeatable levels by time:
     D:6: 1734 daAuts
     D:3: 1606 daAuts
     D:5: 1156 daAuts
     D:2: 1001 daAuts
     D:4: 949 daAuts
     D:1: 746 daAuts
     D:7: 441 daAuts
  Temple: 122 daAuts

Table legend:
 A = Non-vault XP
 B = Vault XP
 C = Vault XP percentage of total XP
 D = Non-vault monster count
 E = Vault monster count
 F = Vault count percentage of total count
                 A         B        C        D         E       F
            +---------+---------+-------+---------+---------+-------
      Total |    2687 |    1115 |  29.3 |     117 |      22 |  15.8
            +---------+---------+-------+---------+---------+-------
        D:1 |      16 |       0 |   0.0 |       9 |       0 |   0.0
        D:2 |      45 |      12 |  21.1 |      11 |       4 |  26.7
        D:3 |      96 |      27 |  22.0 |      27 |       9 |  25.0
        D:4 |     404 |       0 |   0.0 |      22 |       0 |   0.0
        D:5 |     252 |     249 |  49.7 |      12 |       5 |  29.4
        D:6 |     833 |     827 |  49.8 |      16 |       4 |  20.0
        D:7 |    1041 |       0 |   0.0 |      20 |       0 |   0.0
            +---------+---------+-------+---------+---------+-------
